[ AOE2 MATCH · #506676396 ]
UnrankedRomans vs Teutons
Player's team · LOSS
Rival team · WIN
[ REPLAY ANALYSIS · EXTRACTED FROM THE RECORDED GAME ]
Feudal
10:56
Castle
14:54
Imperial
—
| APM avg | 78.1 |
| APM peak | 121 |
| eAPM avg | 41.4 |
| Villagers / military | 78 / 4 |
Focus
⚔️ 51.8% · 🌾 48.2%
Mangonel ×4
Feudal
8:51
Castle
—
Imperial
—
| APM avg | 70.1 |
| APM peak | 103 |
| eAPM avg | 38.6 |
| Villagers / military | 50 / 28 |
Focus
⚔️ 48.7% · 🌾 51.3%
Spearman ×16 · Scout Cavalry ×12
Match map
Initial resources + every placement click. Lines = walls · curves = elevation contours. ◆ gold · ⬟ stone · ● berries · ✦ relic · ◌ wall gap
Your base· Open — unwalled flank
FYI Inc's base· Open — 5t gap
Smoothed initial terrain · ◌ = detected wall gap · hover for details
Inputs per minute
— Tacacá - - FYI Inc
Build order — Tacacá
140 actions detected in the replay
| 0:00 | Queue | Villager (Male) ×4 |
| 0:02 | Build | House |
| 0:03 | Build | House |
| 1:23 | Queue | Villager (Male) |
| 1:23 | Queue | Villager (Male) |
| 1:23 | Queue | Villager (Male) |
| 1:58 | Queue | Villager (Male) |
| 1:59 | Queue | Villager (Male) |
| 2:17 | Queue | Villager (Male) |
| 2:18 | Queue | Villager (Male) |
| 2:18 | Queue | Villager (Male) |
| 2:19 | Build | Lumber Camp |
| 2:42 | Queue | Villager (Male) |
| 2:43 | Queue | Villager (Male) |
| 3:16 | Queue | Villager (Male) |
| 3:16 | Queue | Villager (Male) |
| 3:41 | Queue | Villager (Male) |
| 3:41 | Queue | Villager (Male) |
| 4:04 | Queue | Villager (Male) |
| 4:04 | Queue | Villager (Male) |
| 4:15 | Build | House |
| 4:41 | Queue | Villager (Male) |
| 4:42 | Queue | Villager (Male) |
| 5:05 | Queue | Villager (Male) |
| 5:05 | Queue | Villager (Male) |
| 5:05 | Queue | Villager (Male) |
| 5:29 | Build | Mill |
| 5:38 | Queue | Villager (Male) |
| 5:53 | Queue | Villager (Male) |
| 6:10 | Build | House |
| 6:23 | Queue | Villager (Male) |
| 6:23 | Queue | Villager (Male) |
| 6:23 | Queue | Villager (Male) |
| 7:13 | Queue | Villager (Male) |
| 7:49 | Build | Mining Camp |
| 8:12 | Research | Loom |
| 8:30 | Research | Feudal Age |
| 8:56 | Build | Palisade Wall |
| 9:12 | Build | House |
| 9:20 | Build | House |
| 10:52 | Queue | Villager (Male) |
| 10:53 | Queue | Villager (Male) |
| 10:56 | Age | Feudal Age |
| 10:58 | Build | Market |
| 10:59 | Build | Blacksmith |
| 11:40 | Build | Lumber Camp |
| 11:44 | Research | Double-Bit Axe |
| 11:44 | Research | Double-Bit Axe |
| 11:49 | Queue | Villager (Male) |
| 12:00 | Research | Castle Age |
| 12:23 | Build | Palisade Wall |
| 12:36 | Build | Palisade Wall |
| 12:41 | Build | Mill |
| 12:49 | Build | Palisade Wall |
| 13:08 | Build | Palisade Gate |
| 13:20 | Build | Palisade Wall |
| 13:23 | Build | Palisade Wall |
| 14:05 | Build | Farm |
| 14:38 | Build | Palisade Wall |
| 14:41 | Build | Farm |
| 14:54 | Age | Castle Age |
| 14:56 | Queue | Villager (Male) |
| 14:56 | Queue | Villager (Male) |
| 15:06 | Build | Siege Workshop |
| 15:23 | Queue | Villager (Male) |
| 15:30 | Queue | Mangonel |
| 15:53 | Queue | Villager (Male) |
| 15:53 | Queue | Villager (Male) |
| 16:13 | Queue | Mangonel |
| 16:21 | Build | House |
| 16:37 | Queue | Villager (Male) |
| 16:58 | Queue | Villager (Male) |
| 17:35 | Build | Palisade Wall |
| 17:47 | Queue | Villager (Male) |
| 17:48 | Queue | Villager (Male) |
| 17:48 | Queue | Villager (Male) |
| 18:52 | Queue | Villager (Male) |
| 18:52 | Queue | Villager (Male) |
| 18:52 | Queue | Villager (Male) |
| 19:21 | Queue | Mangonel |
| 19:58 | Build | Town Center |
| 20:23 | Queue | Villager (Male) |
| 20:23 | Queue | Villager (Male) |
| 20:23 | Queue | Villager (Male) |
| 20:45 | Queue | Mangonel |
| 21:00 | Queue | Villager (Male) |
| 21:00 | Queue | Villager (Male) |
| 21:48 | Build | Farm |
| 21:49 | Build | Farm |
| 21:49 | Build | Farm |
| 22:06 | Queue | Villager (Male) |
| 22:06 | Queue | Villager (Male) |
| 22:07 | Queue | Villager (Male) |
| 22:28 | Queue | Villager (Male) |
| 22:28 | Queue | Villager (Male) |
| 22:29 | Build | Farm |
| 22:30 | Build | Farm |
| 22:31 | Build | Farm |
| 22:44 | Queue | Villager (Male) |
| 22:44 | Queue | Villager (Male) |
| 22:44 | Queue | Villager (Male) |
| 22:44 | Queue | Villager (Male) |
| 23:12 | Build | Farm |
| 23:14 | Build | Farm |
| 23:15 | Queue | Villager (Male) |
| 23:16 | Queue | Villager (Male) |
| 23:16 | Queue | Villager (Male) |
| 23:19 | Build | House |
| 23:25 | Research | Town Watch |
| 23:25 | Research | Town Watch |
| 23:32 | Research | Wheelbarrow |
| 23:32 | Research | Wheelbarrow |
| 23:43 | Build | Farm |
| 23:51 | Queue | Villager (Male) |
| 23:51 | Queue | Villager (Male) |
| 23:51 | Queue | Villager (Male) |
| 24:17 | Queue | Villager (Male) |
| 24:21 | Build | Farm |
| 24:22 | Build | Farm |
| 24:23 | Build | Farm |
| 24:30 | Queue | Villager (Male) |
| 24:48 | Build | House |
| 24:48 | Build | House |
| 24:52 | Queue | Villager (Male) |
| 25:00 | Research | Horse Collar |
| 25:00 | Research | Horse Collar |
| 25:09 | Build | Farm |
| 25:13 | Build | Farm |
| 25:16 | Queue | Villager (Male) |
| 25:16 | Queue | Villager (Male) |
| 25:16 | Queue | Villager (Male) |
| 25:16 | Queue | Villager (Male) |
| 25:20 | Build | Farm |
| 25:38 | Build | House |
| 25:49 | Build | Palisade Wall |
| 26:02 | Queue | Villager (Male) |
| 26:03 | Queue | Villager (Male) |
| 26:03 | Queue | Villager (Male) |
| 26:11 | Queue | Villager (Male) |
| 26:18 | Build | Town Center |
Build order — FYI Inc
First 150 of 166 actions detected
| 0:00 | Queue | Villager (Male) |
| 0:01 | Build | House |
| 0:02 | Queue | Villager (Male) |
| 0:03 | Build | House |
| 0:07 | Queue | Villager (Male) |
| 0:07 | Queue | Villager (Male) |
| 1:31 | Queue | Villager (Male) |
| 1:31 | Queue | Villager (Male) |
| 1:47 | Build | House |
| 1:56 | Queue | Villager (Male) |
| 2:06 | Build | Lumber Camp |
| 2:19 | Queue | Villager (Male) |
| 2:39 | Queue | Villager (Male) |
| 3:13 | Queue | Villager (Male) |
| 3:17 | Queue | Villager (Male) |
| 3:28 | Build | House |
| 3:53 | Queue | Villager (Male) |
| 4:26 | Queue | Villager (Male) |
| 4:44 | Build | Mill |
| 4:49 | Queue | Villager (Male) |
| 5:16 | Queue | Villager (Male) |
| 5:28 | Research | Loom |
| 5:41 | Build | House |
| 5:47 | Build | Palisade Wall |
| 5:47 | Build | Palisade Wall |
| 6:15 | Queue | Villager (Male) |
| 6:38 | Research | Feudal Age |
| 6:38 | Research | Feudal Age |
| 8:09 | Build | Barracks |
| 8:37 | Queue | Villager (Male) |
| 8:51 | Age | Feudal Age |
| 8:53 | Build | Watch Tower |
| 8:57 | Queue | Spearman |
| 9:05 | Queue | Villager (Male) |
| 9:13 | Queue | Spearman |
| 9:17 | Queue | Villager (Male) |
| 9:42 | Build | Palisade Wall |
| 9:42 | Build | Palisade Wall |
| 9:42 | Build | Palisade Wall |
| 9:43 | Build | Palisade Wall |
| 9:43 | Build | Palisade Wall |
| 9:43 | Build | Palisade Wall |
| 9:44 | Build | Palisade Wall |
| 9:48 | Queue | Villager (Male) |
| 9:55 | Build | Mining Camp |
| 10:04 | Queue | Villager (Male) |
| 10:09 | Queue | Spearman |
| 10:23 | Build | House |
| 10:35 | Queue | Villager (Male) |
| 11:01 | Build | House |
| 11:13 | Queue | Spearman |
| 11:19 | Build | Watch Tower |
| 11:25 | Build | Watch Tower |
| 11:27 | Queue | Spearman |
| 11:28 | Queue | Villager (Male) |
| 11:46 | Research | Double-Bit Axe |
| 12:00 | Queue | Villager (Male) |
| 12:04 | Build | House |
| 12:18 | Build | Palisade Wall |
| 12:19 | Build | Palisade Wall |
| 12:19 | Build | Palisade Wall |
| 12:19 | Build | Palisade Wall |
| 12:20 | Build | Palisade Wall |
| 12:20 | Build | Palisade Wall |
| 12:20 | Build | Palisade Wall |
| 12:20 | Build | Palisade Wall |
| 12:21 | Build | Palisade Wall |
| 12:23 | Queue | Villager (Male) |
| 12:29 | Build | Farm |
| 12:30 | Build | Farm |
| 12:43 | Queue | Villager (Male) |
| 12:45 | Build | Farm |
| 13:04 | Build | Watch Tower |
| 13:08 | Build | Farm |
| 13:08 | Queue | Villager (Male) |
| 13:30 | Queue | Villager (Male) |
| 13:32 | Build | Farm |
| 13:58 | Queue | Villager (Male) |
| 14:01 | Build | Mill |
| 14:06 | Research | Town Watch |
| 14:44 | Queue | Villager (Male) |
| 15:08 | Queue | Villager (Male) |
| 15:10 | Build | Farm |
| 15:11 | Build | Farm |
| 15:12 | Build | Farm |
| 15:20 | Queue | Villager (Male) |
| 15:55 | Build | Stable |
| 15:59 | Queue | Villager (Male) |
| 16:09 | Queue | Villager (Male) |
| 16:24 | Queue | Scout Cavalry |
| 16:24 | Queue | Scout Cavalry |
| 16:30 | Queue | Villager (Male) |
| 16:38 | Queue | Spearman |
| 16:39 | Queue | Spearman |
| 17:03 | Queue | Spearman |
| 17:03 | Queue | Villager (Male) |
| 17:04 | Build | Farm |
| 17:23 | Queue | Scout Cavalry |
| 17:40 | Queue | Villager (Male) |
| 17:43 | Build | Blacksmith |
| 17:45 | Build | House |
| 17:57 | Queue | Spearman |
| 18:01 | Build | House |
| 18:02 | Build | House |
| 18:08 | Queue | Scout Cavalry |
| 18:18 | Build | Watch Tower |
| 18:22 | Queue | Villager (Male) |
| 18:24 | Build | House |
| 18:24 | Build | House |
| 18:28 | Queue | Scout Cavalry |
| 18:34 | Queue | Spearman |
| 19:00 | Queue | Scout Cavalry |
| 19:01 | Queue | Spearman |
| 19:19 | Queue | Villager (Male) |
| 19:21 | Build | House |
| 19:22 | Build | Blacksmith |
| 19:23 | Queue | Villager (Male) |
| 19:32 | Queue | Spearman |
| 19:37 | Build | Farm |
| 19:38 | Build | Farm |
| 19:38 | Build | Farm |
| 19:39 | Queue | Villager (Male) |
| 20:05 | Queue | Scout Cavalry |
| 20:08 | Queue | Spearman |
| 20:27 | Queue | Villager (Male) |
| 20:35 | Queue | Scout Cavalry |
| 20:37 | Build | Farm |
| 20:38 | Build | Farm |
| 20:39 | Build | House |
| 20:41 | Build | Farm |
| 20:41 | Queue | Villager (Male) |
| 20:59 | Queue | Scout Cavalry |
| 21:18 | Queue | Villager (Male) |
| 21:32 | Queue | Scout Cavalry |
| 21:39 | Queue | Villager (Male) |
| 21:41 | Build | Farm |
| 21:44 | Build | Market |
| 21:50 | Queue | Scout Cavalry |
| 21:56 | Build | House |
| 22:11 | Build | Farm |
| 22:22 | Build | House |
| 22:24 | Build | Farm |
| 22:24 | Build | Farm |
| 22:25 | Queue | Villager (Male) |
| 22:39 | Queue | Scout Cavalry |
| 22:49 | Queue | Villager (Male) |
| 22:57 | Research | Forging |
| 22:59 | Queue | Villager (Male) |
| 23:03 | Build | Mining Camp |
| 23:22 | Queue | Spearman |
Match timeline
| 5:47 | FYI Inc · wall_segment Palisade Wall x11 |
| 5:47 | FYI Inc · wall_segment Palisade Wall x1 |
| 8:09 | FYI Inc · first_building Barracks |
| 8:51 | FYI Inc · age_up feudal |
| 8:56 | Tacacá · wall_segment Palisade Wall x1 |
| 9:42 | FYI Inc · wall_segment Palisade Wall x1 |
| 9:42 | FYI Inc · wall_segment Palisade Wall x1 |
| 9:42 | FYI Inc · wall_segment Palisade Wall x2 |
| 9:43 | FYI Inc · wall_segment Palisade Wall x2 |
| 9:43 | FYI Inc · wall_segment Palisade Wall x2 |
| 9:43 | FYI Inc · wall_segment Palisade Wall x1 |
| 9:44 | FYI Inc · wall_segment Palisade Wall x1 |
| 10:56 | Tacacá · age_up feudal |
| 12:18 | FYI Inc · wall_segment Palisade Wall x2 |
| 12:19 | FYI Inc · wall_segment Palisade Wall x1 |
| 12:19 | FYI Inc · wall_segment Palisade Wall x2 |
| 12:19 | FYI Inc · wall_segment Palisade Wall x2 |
| 12:20 | FYI Inc · wall_segment Palisade Wall x2 |
| 12:20 | FYI Inc · wall_segment Palisade Wall x1 |
| 12:20 | FYI Inc · wall_segment Palisade Wall x2 |
| 12:20 | FYI Inc · wall_segment Palisade Wall x2 |
| 12:21 | FYI Inc · wall_segment Palisade Wall x1 |
| 12:23 | Tacacá · wall_segment Palisade Wall x4 |
| 12:36 | Tacacá · wall_segment Palisade Wall x2 |
| 12:49 | Tacacá · wall_segment Palisade Wall x7 |
| 13:20 | Tacacá · wall_segment Palisade Wall x1 |
| 13:23 | Tacacá · wall_segment Palisade Wall x5 |
| 14:38 | Tacacá · wall_segment Palisade Wall x1 |
| 14:54 | Tacacá · age_up castle |
| 15:06 | Tacacá · first_building Siege Workshop |
| 15:55 | FYI Inc · first_building Stable |
| 17:35 | Tacacá · wall_segment Palisade Wall x3 |
| 20:44 | Tacacá · first_market_buy 100 food |
| 22:30 | FYI Inc · first_market_sell 100 stone |
| 22:32 | FYI Inc · first_market_buy 100 food |
| 23:30 | Tacacá · first_market_sell 100 stone |
| 25:49 | Tacacá · wall_segment Palisade Wall x2 |
| 26:50 | Tacacá · resign |
[ AI ANALYSIS · 1 CREDIT ]
What really happened in this match?
Wolo.gg analyzes every decision: build order, eco, micro, common mistakes by bracket. Personalized analysis on WhatsApp or Discord in 30 seconds.
Civ guide
Romans
Perfil
Falcao (Tacacá)